 Dungeon Crawl Stone Soup version 0.26-a0-651-gb41185065b (webtiles) character file.

Game seed: 12000736503778255978

277 tilp the Sneak (level 6, -10/28 HPs)
             Began as a Spriggan Enchanter on Oct 21, 2020.
             Mangled by a bog mummy (12 damage)
             ... in an ossuary.
             The game lasted 00:10:05 (4876 turns).

tilp the Sneak (Spriggan Enchanter)                 Turns: 4876, Time: 00:10:05

Health: -10/28     AC:  4    Str:  4    XL:     6   Next: 4%
Magic:  0/11       EV: 18    Int: 19    God:
Gold:   173        SH:  0    Dex: 16    Spells: 4/10 levels left

rFire    . . .     SeeInvis +   a - +2 dagger
rCold    . . .     Faith    .   (shield restricted)
rNeg     . . .     Spirit   .   b - +1 robe
rPois    .         Reflect  .   (helmet restricted)
rElec    .         Harm     .   g - +0 cloak
rCorr    .         Rampage  .   (gloves unavailable)
MR       +....                  (boots unavailable)
Stlth    ++++......             (no amulet)
HPRegen  0.09/turn              (no ring)
MPRegen  0.12/turn              (no ring)

@: confusing touch, stab, very quick
A: very small, unfitting armour, see invisible, speed 3
a: no special abilities


You were in an ossuary.
You visited 1 branch of the dungeon, and saw 4 of its levels.
You also visited: Ossuary.

You collected 173 gold pieces.

Inventory:

Hand Weapons
 a - a +2 dagger (weapon)
Missiles
 c - 4 boomerangs
 d - 160 stones (quivered)
Armour
 b - a +1 robe (worn)
 f - a +0 buckler
 g - a +0 cloak (worn)
Jewellery
 i - an uncursed ring of protection from magic {unknown}
 q - an uncursed ring of magical power {unknown}
 r - an uncursed amulet of faith
Scrolls
 h - 4 scrolls of teleportation
 j - a scroll of blinking
 k - a scroll of amnesia {unknown}
 l - a scroll of enchant weapon
Potions
 e - a potion of mutation
 n - a potion of flight


   Skills:
 + Level 4.2 Short Blades
 - Level 3.0 Dodging
 + Level 7.5 Stealth
 + Level 1.7 Shields
 - Level 2.6 Spellcasting
 - Level 3.6 Hexes


You had 4 spell levels left.
You knew the following spells:

 Your Spells              Type           Power        Failure   Level
a - Corona                Hex            ###....      3%          1
b - Ensorcelled Hibernat  Hex/Ice        #.....       12%         2
c - Confusing Touch       Hex            ###.....     11%         3

Your spell library contained the following spells:

 Spells                   Type           Power        Failure   Level
 Tukima's Dance           Hex            ###.....     11%         3
 Dazzling Flash           Conj/Hex       #.....       22%         3


Dungeon Overview and Level Annotations

Branches:
Dungeon (4/15)            Ossuary (1/1)
 Temple: D:4-7

Altars:

Annotations:
D:3 Sigmund
D:4 Edmund


Innate Abilities, Weirdness & Mutations

You are very small and have problems with some larger weapons.
You are too small for most types of armour.
You have supernaturally acute eyesight. (SInv)
You cover ground extremely quickly.


Message History

You start resting.
A bog mummy opens the door.
You close the door.
The bog mummy moves out of view.
You start resting.
A bog mummy opens the door.
You close the door.
A bog mummy opens the door.
You close the door.
You start resting.
A killer bee zombie comes into view.
Casting: Confusing Touch (quite dangerous; 11% risk of failure)
Confirm with . or Enter, or press ? or * to list all spells.
The spell is quite dangerous to cast (11% risk of failure)!
Continue anyway?
Your hands begin to glow red.
Your magical contamination has completely faded away.
Unknown command.
You hit the bog mummy but do no damage. The bog mummy hits you.
* * * LOW HITPOINT WARNING * * *
You hit the bog mummy but do no damage. You hit the bog mummy but do no damage.
The bog mummy hits you!
You die...

.≈≈ #.# #≈+ ≈≈#
### #≈# .≈# #.#
#.+
#.#####'#####.###
+.≈≈.≈ZM......'.#
##≈#####M#####.###
≈M#..∩#@# #.+
###.#.∩.### #.#
#P≈.#...# #.+
###.##'##+##+##.#
+M§M..M.......+
#'#+#+#'#+#'#+#
#.# #.# #.# ###
### ###


You could see a mummy, a bog mummy and a killer bee zombie.

Vanquished Creatures
  Natasha (thrice) (D:3)
  A worker ant (D:4)
  3 mummies
  4 gnolls (D:3)
  2 adders
  An ooze (D:2)
  A worm (D:3)
  3 leopard geckos
  6 orcs (D:3)
  3 giant cockroaches
  10 goblins
  12 hobgoblins
  3 jackals (D:4)
  10 kobolds
  9 bats
  A frilled lizard (D:1)
  5 rats
77 creatures vanquished.

Vanquished Creatures (others)
  7 withered plants (Ossuary)
7 creatures vanquished.

Grand Total: 84 creatures vanquished

Notes
Turn   | Place    | Note
-------+----------+-------------------------------------------
     0 | D:1      | tilp the Spriggan Enchanter began the quest for the Orb.
     0 | D:1      | Reached XP level 1. HP: 9/9 MP: 5/5
   392 | D:1      | Reached skill level 5 in Stealth
   392 | D:1      | Reached XP level 2. HP: 13/13 MP: 4/6
   396 | D:1      | Learned a level 2 spell: Ensorcelled Hibernation
  1443 | D:1      | Reached XP level 3. HP: 16/16 MP: 5/8
  1448 | D:1      | Learned a level 3 spell: Confusing Touch
  2489 | D:2      | Reached skill level 6 in Stealth
  2898 | D:3      | Noticed Natasha
  2904 | D:3      | Killed Natasha
  2904 | D:3      | Reached XP level 4. HP: 21/21 MP: 4/9
  3451 | D:3      | Reached skill level 1 in Shields
  3455 | D:3      | Reached XP level 5. HP: 24/24 MP: 10/10
  3647 | D:3      | Noticed Natasha
  3664 | D:3      | Killed Natasha
  3859 | D:3      | Reached skill level 7 in Stealth
  4302 | D:3      | Noticed Natasha
  4313 | D:3      | Killed Natasha
  4319 | D:4      | Noticed Edmund
  4319 | D:4      | Noticed Sigmund
  4319 | D:4      | Noticed an ogre
  4568 | D:4      | Found a sand-covered staircase.
  4575 | Ossuary  | Entered an ossuary
  4831 | Ossuary  | Reached XP level 6. HP: 10/28 MP: 7/11
  4832 | Ossuary  | HP: 1/28 [hornet zombie (9)]
  4876 | Ossuary  | Mangled by a bog mummy

Illustrated notes

Levels and vault maps discovered:
D:1:      lordsloth_arrival_two_stooges, layout_basic, minmay_bisected
D:2:      layout_rooms, minmay_cupped
D:3:      layout_basic, uniq_natasha
D:4:      layout_loops_ring, gup_ossuary_entry_pyramid, grunt_ministairs_1,
          uniq_edmund, uniq_sigmund, uniq_crazy_yiuf_cottage
Ossuary:  ossuary_zaba_flooded

Skill      XL: |  1  2  3  4  5 |
---------------+----------------+-----
Stealth        | 5 6 7 |  7.5
Short Blades   | 2 3 4 |  4.2
Shields        | 1 |  1.7
Dodging        | |  3.0
Spellcasting   | |  2.6
Hexes          | |  3.6

Action                   |  1- 3 |  4- 6 || total
-------------------------+-------+-------++-------
Melee: Dagger            |   135 |    92 ||   227
 Cast: Corona            |     9 |       ||     9
       Ensorcelled Hiber |    40 |    29 ||    69
       Confusing Touch   |     1 |     7 ||     8
  Use: Scroll            |     5 |     7 ||    12
       Potion            |       |     1 ||     1
 Stab: Sleeping          |    32 |    22 ||    54
       Confused          |     1 |     1 ||     2
       Distracted        |       |     1 ||     1
Armor: Robe              |    17 |     5 ||    22
Dodge: Dodged            |   118 |    54 ||   172

Table legend: (Time is in decaauts)
 A = Elapsed time spent in this place.
 B = Non-inter-level travel time spent in this place.
 C = Inter-level travel time spent in this place.
 D = Time resting spent in this place.
 E = Time spent auto-exploring this place.
 F = Levels seen in this place.
 G = Mean time per level.
                   A        B        C        D        E       F      G
               +--------+--------+--------+--------+--------+-----+--------+
         Total |   3914 |   3836 |     78 |   1752 |   1269 |   5 |  782.8 |
       Dungeon |   3628 |   3550 |     78 |   1544 |   1269 |   4 |  907.0 |
       Ossuary |    285 |    285 |      0 |    207 |      0 |   1 |  285.0 |
               +--------+--------+--------+--------+--------+-----+--------+

Top non-repeatable levels by time:
     D:1: 1368 daAuts
     D:2: 1113 daAuts
     D:3: 1027 daAuts
 Ossuary: 285 daAuts
     D:4: 119 daAuts
